 Dungeon Crawl Stone Soup version 0.24-a0-415-g6d73c25c48 (webtiles) character file.

Game seed: 1648642536313659706

522 Ijustatesigmund the Cudgeler (level 7, -6/49 HPs)
             Began as an Octopode Fighter on June 7, 2019.
             Mangled by Pikel
             ... wielding a +0 whip of electrocution
              (15 damage)
             ... on level 5 of the Dungeon.
             The game lasted 00:08:11 (4629 turns).

Ijustatesigmund the Cudgeler (Octopode Fighter)     Turns: 4629, Time: 00:08:13

Health: -6/49      AC:  1    Str: 20    XL:     7   Next: 22%
Magic:  7/7        EV: 12    Int: 11    God:
Gold:   190        SH:  9    Dex: 13    Spells: 6/6 levels left

rFire    . . .     SeeInvis .   a - +0 flail
rCold    . . .     Gourm    .   b - +0 shield
rNeg     . . .     Faith    .   (helmet restricted)
rPois    .         Spirit   .   (no amulet)
rElec    .         Reflect  .   (no ring)
rCorr    .         Harm     .   (no ring)
MR       .....     Rnd*Rage +   (no ring)
Stlth    ++........             (no ring)
HPRegen  0.16/turn              (no ring)
MPRegen  0.10/turn              (no ring)
                                (no ring)
                                (no ring)

@: mighty
A: almost no armour, stealthy swim, amphibious, 8 rings, constrict 8, tentacle
spike 1, camouflage 1, berserk 1, screaming 1, wild magic 1, gelatinous body 1
a: no special abilities


You were on level 5 of the Dungeon.
You were not hungry.

You visited 1 branch of the dungeon, and saw 5 of its levels.

You collected 190 gold pieces.

Inventory:

Hand Weapons
 a - a +0 flail (weapon)
Armour
 b - a +0 shield (worn)
Wands
 f - a wand of flame (18)
Scrolls
 e - a scroll of blinking
 h - 2 scrolls of teleportation
 n - a scroll of enchant weapon {unknown}
Potions
 g - 3 potions of curing
 i - a potion of flight {unknown}
 j - a potion of heal wounds {unknown}
 k - a potion of cancellation {unknown}
 l - 2 potions of lignification {unknown}
 m - a potion of haste {unknown}
 o - a potion of magic {unknown}
Comestibles
 d - 6 rations


   Skills:
 + Level 4.9 Fighting
 + Level 5.1 Maces & Flails
 + Level 4.0 Dodging
 + Level 4.1 Shields


You had 6 spell levels left.
You didn't know any spells.
Your spell library contained the following spells:

 Spells                   Type           Power        Failure   Level  Hunger
 Corona                   Hex            #......      87%         1    ##.....
 Ensorcelled Hibernation  Hex/Ice        #.....       95%         2    ###....
 Confuse                  Hex            #.......     99%         3    ####...
 Dazzling Spray           Conj/Hex       #.....       99%         3    ####...
 Tukima's Dance           Hex            #.......     99%         3    ####...


Dungeon Overview and Level Annotations

Branches:
Dungeon (5/15)
 Temple: D:4-7

Altars:
Fedhas
Okawaru

Annotations:
D:5 Eustachio, Pikel


Innate Abilities, Weirdness & Mutations

You cannot wear most types of armour.
You are very stealthy in the water. (Stealth+)
You are amphibious.
You can wear up to eight rings at the same time.
You can use your tentacles to constrict eight enemies at once.
Your skin changes colour to match your surroundings (Stealth+).
Your rubbery body absorbs attacks. (AC +1, EV +1)
One of your tentacles bears a spike.
You tend to lose your temper in combat.
You occasionally shout uncontrollably at your foes.
Your spells are a little harder to cast, but a little more powerful.


Message History

Level annotation: Eustachio, Pikel The slave hits you!
Eustachio barely misses you. You block Pikel's attack.
There is a stone staircase leading up here.
You feel very mighty all of a sudden. The slave closely misses you.
Eustachio casts a spell.
Pikel hits you with a +0 whip of electrocution.
Your shield prevents you from hitting Pikel.
Your grab misses Pikel.
You pierce Pikel!
Pikel is moderately wounded.
The slave hits you! Eustachio hits you with a +0 rapier.
You block Pikel's attack. You block the rat's attack. The slave misses you.
You block Eustachio's attack.
You closely miss Eustachio. You grab Eustachio. You squeeze Eustachio.
Eustachio is lightly wounded.
You constrict Eustachio.
Pikel hits you with a +0 whip of electrocution!
* * * LOW HITPOINT WARNING * * *
You are electrocuted!
You die...

. .. .. #. .
#.## ...
#..###.....
#r@Kr..#
#p@#####
#.$.r .......
.........
............
#........<.##
##.......###


You could see Eustachio, Pikel, a slave, a river rat and 2 rats.

Vanquished Creatures
  3 slaves (D:4)
  An ogre (D:4)
  An orc priest (D:3)
  An orc wizard (D:4)
  A hound (D:4)
  Ijyb (D:4)
  Natasha (thrice) (D:4)
  An iguana (D:4)
  9 adders
  4 gnolls (D:4)
  An ooze (D:3)
  An adder skeleton (D:3)
  A worm (D:3)
  3 dart slugs
  A leopard gecko (D:4)
  12 orcs
  6 bats
  4 giant cockroaches
  9 goblins
  8 hobgoblins
  A quokka (D:4)
  5 frilled lizards
  13 kobolds
  5 rats
95 creatures vanquished.

Notes
Turn   | Place    | Note
-------+----------+-------------------------------------------
     0 | D:1      | Ijustatesigmund the Octopode Fighter began the quest for
                  | the Orb.
     0 | D:1      | Reached XP level 1. HP: 16/16 MP: 1/1
   326 | D:1      | Reached XP level 2. HP: 20/21 MP: 2/2
   862 | D:1      | Reached skill level 3 in Maces & Flails
   889 | D:1      | Reached XP level 3. HP: 26/26 MP: 3/3
  1399 | D:2      | Reached XP level 4. HP: 32/33 MP: 4/4
  1649 | D:2      | Found a blossoming altar of Fedhas.
  2009 | D:2      | Reached skill level 4 in Maces & Flails
  2347 | D:3      | Reached XP level 5. HP: 37/37 MP: 5/5
  2845 | D:3      | Found an iron altar of Okawaru.
  3254 | D:4      | Noticed an ogre
  3258 | D:4      | Reached XP level 6. HP: 30/44 MP: 6/6
  3372 | D:4      | Noticed Ijyb
  3382 | D:4      | Killed Ijyb
  3585 | D:3      | Gained mutation: You are occasionally teleported next to
                  | monsters. [potion of mutation]
  3585 | D:3      | Gained mutation: You possess an exceptional clarity of
                  | mind. [potion of mutation]
  3586 | D:3      | Lost mutation: You are occasionally teleported next to
                  | monsters. [potion of mutation]
  3586 | D:3      | Lost mutation: You possess an exceptional clarity of mind.
                  | [potion of mutation]
  3586 | D:3      | Gained mutation: You occasionally shout uncontrollably at
                  | your foes. [potion of mutation]
  3586 | D:3      | Gained mutation: One of your tentacles bears a spike.
                  | [potion of mutation]
  3586 | D:3      | Gained mutation: You tend to lose your temper in combat.
                  | [potion of mutation]
  3586 | D:3      | Gained mutation: Your spells are a little harder to cast,
                  | but a little more powerful. [potion of mutation]
  3675 | D:4      | Noticed Natasha
  3683 | D:4      | Killed Natasha
  3738 | D:4      | Noticed Natasha
  3862 | D:4      | Killed Natasha
  3915 | D:4      | Reached skill level 5 in Maces & Flails
  3921 | D:4      | Reached XP level 7. HP: 49/49 MP: 7/7
  4116 | D:4      | Noticed Natasha
  4121 | D:4      | Killed Natasha
  4346 | D:5      | Entered Level 5 of the Dungeon
  4346 | D:5      | Noticed Pikel
  4513 | D:5      | Noticed Eustachio
  4629 | D:5      | Mangled by Pikel

Levels and vault maps discovered:
D:1:      lemuel_arrival_tunnels, layout_basic
D:2:      layout_loops_corners, fedhas_ov_isle_minmay
D:3:      layout_basic, okawaru_trees_1
D:4:      layout_loops_cross, corexii_shack, uniq_natasha, uniq_ijyb
D:5:      layout_cave_pods, first_ration, uniq_edmund, uniq_duvessa,
          uniq_eustachio, uniq_pikel

Skill      XL: |  1  2  3  4  5  6  7 |
---------------+----------------------+-----
Maces & Flails | 3 4 5 |  5.1
Fighting       | 4 |  4.9
Shields        | 4 |  4.1
Dodging        | 4 |  4.0

Action                   |  1- 3 |  4- 6 |  7- 9 || total
-------------------------+-------+-------+-------++-------
Melee: Flail             |    59 |   121 |    30 ||   210
       Constrict         |    19 |    34 |     6 ||    59
       Tentacles         |     8 |    21 |     7 ||    36
       Kick              |       |     8 |    14 ||    22
  Use: Scroll            |     3 |     4 |       ||     7
       Potion            |       |     4 |     1 ||     5
 Stab: Sleeping          |     6 |     3 |       ||     9
  Eat: Chunk             |     1 |     8 |     1 ||    10
       Ration            |       |       |     1 ||     1
Armor: Skin              |     3 |     7 |     1 ||    11
Dodge: Dodged            |    21 |    58 |    21 ||   100
Block: Shield            |    26 |    59 |    15 ||   100

Table legend:
 A = Non-vault XP
 B = Vault XP
 C = Vault XP percentage of total XP
 D = Non-vault monster count
 E = Vault monster count
 F = Vault count percentage of total count
                 A         B        C        D         E       F
            +---------+---------+-------+---------+---------+-------
      Total |     672 |      74 |   9.9 |      89 |       3 |   3.3
            +---------+---------+-------+---------+---------+-------
        D:1 |      42 |       0 |   0.0 |      22 |       0 |   0.0
        D:2 |      96 |       0 |   0.0 |      21 |       0 |   0.0
        D:3 |     136 |       0 |   0.0 |      29 |       0 |   0.0
        D:4 |     398 |      74 |  15.7 |      17 |       3 |  15.0
            +---------+---------+-------+---------+---------+-------
